 Dungeon Crawl Stone Soup version 0.29.1-2-gbd0b4ee654 (webtiles) character file.

Game seed: 7928579436793993627

77 DemonSlayer the Firebug (level 4, 0/30 HPs)
             Began as a Demonspawn Fire Elementalist on Nov 22, 2022.
             Slain by a goblin
             ... wielding a +0 dagger
             ... led by Robin
              (4 damage)
             ... on level 3 of the Dungeon.
             The game lasted 00:04:50 (2575 turns).

DemonSlayer the Firebug (DsFE)                      Turns: 2575, Time: 00:04:51

Health: 0/30       AC:  3    Str:  8    XL:     4   Next: 13%
Magic:  2/7        EV:  9    Int: 22    God:
Gold:   192        SH:  4    Dex: 17    Spells: 4/7 levels left

rFire   . . .      SeeInvis +   p - +0 war axe
rCold   + . .      Faith    .   (no shield)
rNeg    . . .      Spirit   .   n - +0 leather armour of Quantum Leap {rC+ Int+3 Dex+4}
rPois   +          Reflect  .   (no helmet)
rElec   .          Harm     .   (no cloak)
rCorr   .          Rampage  .   (no gloves)
Will    .....                   (no boots)
Stlth   ++........              (no amulet)
HPRegen 0.10/turn               j - ring of see invisible
MPRegen 0.10/turn               a - ring of poison resistance

@: grasped by roots, flying, hasted, constricted, very quick
A: powered by death 1, condensation shield, demonic touch 1
a: no special abilities


You were on level 3 of the Dungeon.
You visited 1 branch of the dungeon, and saw 3 of its levels.

You collected 192 gold pieces.

Inventory:

Hand Weapons
 p - a +0 war axe (weapon)
Armour
 n - the +0 leather armour of Quantum Leap (worn) {rC+ Int+3 Dex+4}
   (You found it on level 2 of the Dungeon)

   Int:       It affects your intelligence (+3).
   Dex:       It affects your dexterity (+4).
   rC:        It protects you from cold.
Jewellery
 a - a ring of poison resistance (right hand)
 j - a ring of see invisible (left hand)
Scrolls
 e - 2 scrolls of noise {unknown}
 f - a scroll of torment {unknown}
 g - 4 scrolls of identify {unknown}
 h - a scroll of magic mapping {unknown}
 l - a scroll of blinking {unknown}
 s - a scroll of acquirement {unknown}
 t - a scroll of poison {unknown}
Potions
 c - a potion of invisibility {unknown}
 i - 2 potions of flight
 k - a potion of resistance {unknown}
 o - 3 potions of curing {unknown}
 q - 2 potions of ambrosia {unknown}
 r - 2 potions of attraction {unknown}
 u - a potion of degeneration {unknown}


   Skills:
 + Level 0.1 Fighting
 + Level 0.3 Long Blades
 + Level 1.0 Axes
 + Level 0.9 Armour
 + Level 1.9 Dodging
 + Level 2.3 Stealth
 + Level 2.4 Spellcasting
 + Level 1.5 Conjurations
 + Level 3.2 Fire Magic


You had 4 spell levels left.
You knew the following spells:

 Your Spells              Type           Power      Damage    Failure   Level
a - Foxfire               Conj/Fire      52%        2x1d6     7%          1
b - Scorch                Fire           32%        2d6       8%          2

Your spell library contained the following spells:

 Spells                   Type           Power      Damage    Failure   Level
 Magic Dart               Conj           36%        1d4       10%         1
 Conjure Flame            Conj/Fire      13%        6-21      22%         3
 Call Imp                 Summ           2%         N/A       28%         2
 Inner Flame              Hex/Fire       9%         N/A       28%         3
 Mephitic Cloud           Conj/Pois/Air  4%         N/A       41%         3
 Flame Wave               Conj/Fire      13%        2d6       56%         4


Dungeon Overview and Level Annotations

Branches:
Dungeon (3/15)

Altars:


Innate Abilities, Weirdness & Mutations

You regenerate a little health from kills.
A meltable shield of frost defends you. (SH +4)
Your touch may inflict minor irresistible damage on your foes.


Message History

Robin is unaffected.
The goblin is unaffected.
The grasping roots constrict you.
You hit Robin.
Robin is lightly wounded.
You barely miss the goblin. Robin closely misses you.
The goblin hits you but does no damage. The grasping roots constrict you.
The goblin barely misses you. The grasping roots constrict you.
The grasping roots release their grip on you.
Unknown command.
It was a potion of flight.
You feel very buoyant.
You fly up into the air.
The hobgoblin is no longer blind.
Robin hits you with a +0 club. The goblin hits you with a +0 club.
It was a potion of haste.
You feel yourself speed up. Robin closely misses you.
The goblin barely misses you.
You slash Robin!
You touch Robin.
You kill Robin!
You hit the goblin. The goblin hits you with a +0 club.
You have reached level 4!
You feel clever.
Your demonic ancestry asserts itself...
Frost condenses into a shield before you.
You closely miss the goblin.
The goblin is severely wounded.
You closely miss the hobgoblin.
The goblin zaps a wand.
The roots erupt in riotous growth!
The grasping roots grab you!
The hobgoblin is unaffected.
The goblin is unaffected.
The grasping roots constrict you. The hobgoblin completely misses you.
You hit the hobgoblin.
You kill the hobgoblin!
You closely miss the goblin. The goblin completely misses you.
The grasping roots constrict you.
* * * LOW HITPOINT WARNING * * *
Your Axes skill increases to level 1!
You closely miss the goblin. x2; The goblin hits you with a +0 club.
* * * LOW HITPOINT WARNING * * *
The grasping roots constrict you.
* * * LOW HITPOINT WARNING * * *
The goblin hits you with a +0 dagger.
You die...

##. #.## #....<....# ##...##.##
+.........+ ..........
......... #...##.## ....... #
#.## #.# ...). ########†## #.#
)g† #........## #.# #g#
#.#####..## #.# #@# #.# ###..##
#.# ####g######.# #....## #.#
#........##.# #.#.## #####^####
#.#...##.##.# #.#.# #........#
#......#.##.###.#.#
#.###.##.####.#...##.##.......#
#.# #..........#.###.######.###
#.# ####.####..#............#
#.######.# #....###.########


You could see a hobgoblin (strong) and 2 goblins.

Vanquished Creatures
  Robin (D:3)
  3 adders (D:3)
  4 bats
  3 endoplasms
  3 giant cockroaches (D:1)
  7 goblins
  8 hobgoblins
  A quokka (D:1)
  2 ball pythons (D:1)
  3 rats
35 creatures vanquished.

Vanquished Creatures (others)
  35 foxfires
35 creatures vanquished.

Grand Total: 70 creatures vanquished

Notes
Turn   | Place    | Note
-------+----------+-------------------------------------------
     0 | D:1      | DemonSlayer the Demonspawn Fire Elementalist began the
                  | quest for the Orb.
     0 | D:1      | Reached XP level 1. HP: 13/13 MP: 3/3
   519 | D:1      | Gained mutation: You regenerate a little health from kills.
                  | [demonic ancestry]
   519 | D:1      | Reached XP level 2. HP: 19/19 MP: 0/5
   522 | D:1      | Learned a level 2 spell: Scorch
   781 | D:1      | Reached skill level 3 in Fire Magic
  1122 | D:2      | Identified the +0 leather armour of Quantum Leap {rC+ Int+3
                  | Dex+4}
  2236 | D:3      | Discovered your monstrous ancestry.
  2236 | D:3      | Gained mutation: Your touch may inflict minor irresistible
                  | damage on your foes. [demonic ancestry]
  2236 | D:3      | Reached XP level 3. HP: 24/24 MP: 1/6
  2555 | D:3      | Noticed Robin
  2572 | D:3      | Killed Robin
  2573 | D:3      | Gained mutation: A meltable shield of frost defends you.
                  | (SH +4) [demonic ancestry]
  2573 | D:3      | Reached XP level 4. HP: 16/30 MP: 1/7
  2575 | D:3      | Reached skill level 1 in Axes
  2575 | D:3      | Slain by a goblin

Illustrated notes

Levels and vault maps discovered:
D:1:      amcnicky_arrival_double_pillar, layout_loops_ring
D:2:      layout_loops_ring, hangedman_decor_clover_reticule
D:3:      layout_loops_corners, chequers_serial_rivers_micro_d, uniq_robin

Skill      XL: |  1  2  3  4 |
---------------+-------------+-----
Stealth        | 2 |  2.3
Fire Magic     | 3 |  3.2
Axes           | 1 |  1.0
Fighting       | |  0.1
Long Blades    | |  0.3
Armour         | |  0.9
Dodging        | |  1.9
Spellcasting   | |  2.4
Conjurations   | |  1.5

Action                   |  1- 3 |  4- 6 || total
-------------------------+-------+-------++-------
Melee: Falchion          |    20 |       ||    20
       War axe           |    21 |     3 ||    24
       Touch             |     4 |       ||     4
Throw: Dart              |     2 |       ||     2
 Cast: Foxfire           |    22 |       ||    22
       Scorch            |     8 |       ||     8
  Use: Potion            |     3 |       ||     3
 Stab: Sleeping          |     4 |       ||     4
Armor: Robe              |     3 |       ||     3
       Leather armour    |     8 |       ||     8
Dodge: Dodged            |    33 |     2 ||    35
